 Dungeon Crawl Stone Soup version 0.32-a0-834-geaf45d8e21 (webtiles) character file.

Game seed: 15086212355258389341

784 AstroCodex24 the Chopper (level 7, 0/53 HPs)
             Began as a Vampire Fighter on Mar 26, 2024.
             Was an Initiate of Nemelex Xobeh.
             Slain by Edmund
             ... wielding a +0 heavy dire flail
              (6 damage)
             ... on level 5 of the Dungeon.
             The game lasted 00:13:29 (2564 turns).

AstroCodex24 the Chopper (Vampire Fighter)          Turns: 2564, Time: 00:13:30

Health: 0/53       AC:  9    Str: 17    XL:     7   Next: 55%
Magic:  7/7        EV:  9    Int: 11    God:    Nemelex Xobeh [......]
Gold:   88         SH: 10    Dex: 13    Spells: 6/6 levels left

rFire   . . .        a - +0 war axe
rCold   . . .        c - +0 buckler
rNeg    . . .        b - +0 scale mail
rPois   .            (no helmet)
rElec   .            s - +1 cloak {Will+}
rCorr   .            (no gloves)
SInv    +            (no boots)
Will    +....        f - amulet of reflection Stlth
                     e - ring of wizardry
HPRegen 0.48/turn    (no ring)
MPRegen 0.10/turn

%: reflection, wizardry (x1)
@: healing quickly
A: alive, fangs 3, see invisible, vampiric 2
a: Exsanguinate, Renounce Religion, Draw Escape, Draw Destruction, Draw
Summoning


You were on level 5 of the Dungeon.
You worshipped Nemelex Xobeh.
Nemelex Xobeh was noncommittal.
You visited 2 branches of the dungeon, and saw 6 of its levels.

You collected 88 gold pieces.

Inventory:

Hand Weapons
 a - a +0 war axe (weapon)
 g - a +2 dagger of draining
 o - a +2 quarterstaff of chaos
Armour
 b - a +0 scale mail (worn)
 c - a +0 buckler (worn)
 s - a +1 cloak of willpower (worn)
Jewellery
 e - a ring of wizardry (left hand)
 f - an amulet of reflection (around neck)
Wands
 m - a wand of paralysis (11)
 n - a wand of quicksilver (4)
Scrolls
 d - a scroll of noise
Potions
 h - a potion of curing {unknown}
 i - 6 potions of haste
 j - a potion of heal wounds {unknown}
 k - 2 potions of might
 l - 2 potions of enlightenment {unknown}
 p - a potion of mutation {unknown}
 q - 2 potions of brilliance {unknown}
 r - a potion of magic {unknown}


   Skills:
 + Level 3.7 Fighting
 + Level 5.0 Axes
 + Level 4.1 Armour
 + Level 2.3 Dodging
 + Level 0.4 Stealth
 + Level 4.3 Shields
 + Level 0.3 Evocations


You had 6 spell levels left.
You didn't know any spells.
Your spell library contained the following spells:

 Spells                   Type           Power      Damage    Failure   Level
 Frozen Ramparts          Ice            0%         1d1       83%         3
 Ozocubu's Armour         Ice            0%         N/A       83%         3
 Metabolic Englaciation   Hex/Ice        0%         N/A       100%        5


Dungeon Overview and Level Annotations

Branches:
Dungeon (5/15)             Temple (1/1) D:4

Altars:
Ashenzari
Cheibriados
Dithmenos
Fedhas
Gozag
Kikubaaqudgha
Makhleb
Nemelex Xobeh
Okawaru
Qazlal
Ru
Sif Muna
Trog
Uskayaw
Wu Jian
Xom
Yredelemnul

Annotations:
D:4 1 runed translucent door, Biggs's ghost, amateur CoHu
D:5 Edmund


Innate Abilities, Weirdness & Mutations

Your natural rate of healing is accelerated.
You have razor-sharp teeth.
You have supernaturally acute eyesight. (SInv)
You are afflicted with vampirism and can become a bat while bloodless.


Message History

a +0 flail; a +0 ring mail; an orc skeleton You see here 5 stones.
There is a stone staircase leading up here.
Edmund the Younger comes into view.
He is wielding a +0 heavy dire flail.
You completely miss Edmund. You block Edmund's attack.
You hit Edmund but do no damage. You block Edmund's attack.
You barely miss Edmund.
Edmund hits you with a +0 heavy dire flail!
You closely miss Edmund. You bite Edmund, but do no damage.
You block Edmund's attack.
You closely miss Edmund. You bite Edmund, but do no damage.
Edmund hits you with a +0 heavy dire flail!
You hit Edmund.
Edmund is lightly wounded.
You barely miss Edmund.
Edmund is lightly wounded.
Edmund hits you with a +0 heavy dire flail.
You hit Edmund but do no damage.
Edmund is lightly wounded.
Edmund barely misses you.
You slash Edmund!
Edmund is moderately wounded.
Edmund hits you with a +0 heavy dire flail!
* * * LOW HITPOINT WARNING * * *
You hit Edmund but do no damage.
Edmund is moderately wounded.
Edmund hits you with a +0 heavy dire flail.
* * * LOW HITPOINT WARNING * * *
You closely miss Edmund.
Edmund is moderately wounded.
Edmund barely misses you.
You closely miss Edmund.
Edmund is moderately wounded.
You block Edmund's attack.
You hit Edmund.
Edmund is moderately wounded.
Edmund hits you with a +0 heavy dire flail.
You die...
Edmund says, "That'll show my brother!"
Your body disappears without a glow.

*** *******
*,*****,*,*,*
*,,,,,,,*,*,*
*,*****,*,,,*
#######.##***,*,*,*
#.@@......,,,,*,*,*
##.####.##*****,*,*
#.# *,,,,,,,*,*,*
##.##########,*,*,,
#...........#,*,***
###########.#,*,*,*
#.#,*,*,, #.#,*,*,*
#.#,*,*,*


You could see Edmund.

Vanquished Creatures
  Sigmund (D:2)
  A black bear (D:5)
  A phantom (D:5)
  Dowan (D:4)
  3 orc priests
  Crazy Yiuf (D:5)
  2 iguanas
  A sleepcap (D:5)
  4 orc wizards
  3 adders
  3 dart slugs
  14 orcs
  A ball python (D:1)
  2 endoplasms
  2 giant cockroaches (D:4)
  2 goblins
  5 hobgoblins
  8 jackals
  2 quokkas
  13 bats
  A frilled lizard (D:1)
  2 kobolds (D:4)
73 creatures vanquished.

Notes
Turn   | Place    | Note
-------+----------+-------------------------------------------
     0 | D:1      | AstroCodex24 the Vampire Fighter began the quest for the
                  | Orb.
     0 | D:1      | Reached XP level 1. HP: 17/17 MP: 1/1
   148 | D:1      | Reached XP level 2. HP: 23/23 MP: 2/2
   240 | D:1      | Reached skill level 2 in Axes
   435 | D:2      | Noticed Sigmund
   459 | D:2      | Killed Sigmund
   460 | D:2      | Reached skill level 3 in Axes
   460 | D:2      | Reached skill level 1 in Dodging
   460 | D:2      | Gained mutation: You are afflicted with vampirism and can
                  | become a bat while bloodless. [Vampire growth]
   460 | D:2      | Reached XP level 3. HP: 5/29 MP: 3/3
   460 | D:2      | Reached XP level 4. HP: 6/35 MP: 4/4
   460 | D:2      | Reached XP level 5. HP: 8/41 MP: 5/5
   746 | D:4      | Found a staircase to the Ecumenical Temple.
   842 | Temple   | Entered the Ecumenical Temple
   937 | Temple   | Became a worshipper of Nemelex Xobeh the Trickster
  1042 | D:4      | Reached XP level 6. HP: 24/47 MP: 6/6
  1055 | D:4      | Reached skill level 4 in Axes
  1086 | D:4      | Noticed Dowan
  1107 | D:4      | Killed Dowan
  1126 | D:4      | Found a runed translucent door.
  1127 | D:4      | Noticed Biggs's ghost (amateur CoHu)
  1198 | D:5      | Entered Level 5 of the Dungeon
  1583 | D:5      | Reached XP level 7. HP: 52/52 MP: 7/7
  1790 | D:5      | Found a shimmering blue altar of Sif Muna.
  2209 | D:5      | Found a runed translucent door.
  2210 | D:5      | Noticed Crazy Yiuf
  2216 | D:5      | Killed Crazy Yiuf
  2437 | D:5      | Found a shadowy altar of Dithmenos.
  2454 | D:5      | Reached skill level 5 in Axes
  2550 | D:5      | Noticed Edmund
  2564 | D:5      | Slain by Edmund

Illustrated notes

Levels and vault maps discovered:
D:1:      heliophobic_arrival_ceremonial_halls, layout_basic,
          chequers_serial_rivers_micro_e, chequers_serial_rivers_room_b
D:2:      layout_loops_cross, grunt_decor_resistance, kennysheep_another_room,
          uniq_sigmund
D:3:      layout_rooms, grunt_ministairs_10, columned_hall_lemuel,
          goddamned_bats
D:4:      layout_basic, temple_statues, gammafunk_ghost_grave,
          minmay_misc_feat_columns, corexii_item_surrounded_by_moat, uniq_robin,
          uniq_duvessa, uniq_eustachio
D:5:      layout_basic, grunt_dithmenos_shadows, nicolae_overflow_squiral,
          roderic_batcave, minmay_holes, uniq_edmund, uniq_crazy_yiuf_cottage
Temple:   minmay_crystal_spiral_temple

Skill      XL: |  1  2  3  4  5  6  7 |
---------------+----------------------+-----
Axes           | 3 4 5 |  5.0
Shields        | 3 4 |  4.3
Fighting       | 3 |  3.7
Armour         | 3 4 |  4.1
Dodging        | 1 2 |  2.3
Stealth        | |  0.4
Evocations     | |  0.3

Action                     |  1- 3 |  4- 6 |  7- 9 || total
---------------------------+-------+-------+-------++-------
  Melee: War axe           |    51 |   114 |   112 ||   277
         Bite              |     5 |    11 |     4 ||    20
  Evoke: Wand              |       |       |     7 ||     7
    Use: Scroll            |       |     9 |       ||     9
         Potion            |       |     1 |       ||     1
   Stab: Paralysed         |       |       |     1 ||     1
 Armour: Scale mail        |    78 |    76 |   121 ||   275
  Dodge: Dodged            |    44 |    46 |    62 ||   152
  Block: Buckler           |    27 |    47 |   109 ||   183
         Reflection        |       |     1 |       ||     1

Table legend: (Time is in decaauts)
 A = Elapsed time spent in this place.
 B = Non-inter-level travel time spent in this place.
 C = Inter-level travel time spent in this place.
 D = Time resting spent in this place.
 E = Time spent auto-exploring this place.
 F = Levels seen in this place.
 G = Mean time per level.
                   A        B        C        D        E       F      G
               +--------+--------+--------+--------+--------+-----+--------+
         Total |   2658 |   2430 |    228 |      0 |      0 |   6 |  443.0 |
       Dungeon |   2480 |   2383 |     97 |      0 |      0 |   5 |  496.0 |
        Temple |    178 |     47 |    131 |      0 |      0 |   1 |  178.0 |
               +--------+--------+--------+--------+--------+-----+--------+

Top non-repeatable levels by time:
     D:5: 1415 daAuts
     D:2: 420 daAuts
     D:4: 297 daAuts
     D:1: 265 daAuts
  Temple: 178 daAuts
     D:3: 82 daAuts
